 Dungeon Crawl Stone Soup version 0.30.1 (webtiles) character file.

Game seed: 11704074149866157124

235 booth the Digger (level 6, -2/32 HPs)
             Began as a Gargoyle Earth Elementalist on July 11, 2023.
             Slain by Edmund
             ... wielding a +1 flail of holy wrath
              (7 damage)
             ... on level 4 of the Dungeon.
             The game lasted 00:22:17 (3089 turns).

booth the Digger (Gargoyle Earth Elementalist)      Turns: 3089, Time: 00:22:18

Health: -2/32      AC:  8    Str: 12    XL:     6   Next: 6%
Magic:  0/10       EV: 12    Int: 23    God:
Gold:   200        SH:  0    Dex: 10    Spells: 4/10 levels left

rFire   . . .        j - +2 short sword (protect)
rCold   . . .        (no shield)
rNeg    + . .        a - +0 robe
rPois   ∞            (no helmet)
rElec   +            (no cloak)
rCorr   .            (no gloves)
SInv    .            q - +1 pair of boots
Will    .....        (no amulet)
Stlth   ++           p - +6 ring of intelligence
HPRegen 0.25/turn    (no ring)
MPRegen 0.12/turn

%: clarity
@: flying
A: sickness immunity, AC +4, negative energy resistance 1, electricity
resistance, torment resistance 1, petrification resistance, big wings, clarity
a: no special abilities


You were on level 4 of the Dungeon.
You visited 1 branch of the dungeon, and saw 4 of its levels.

You collected 200 gold pieces.

Inventory:

Hand Weapons
 b - a +0 dagger
 i - a +0 mace
 j - a +2 short sword of protection (weapon)
 l - a +3 hand axe
Missiles
 f - 2 curare-tipped darts (quivered)
Armour
 a - a +0 robe (worn)
 k - a +0 leather armour
 q - a +1 pair of boots (worn)
Jewellery
 p - a +6 ring of intelligence (left hand)
Scrolls
 c - a scroll of fog
 d - 2 scrolls of magic mapping
Potions
 e - a potion of resistance
 g - a potion of flight
 h - a potion of lignification
 m - a potion of curing
 n - a potion of might {unknown}


   Skills:
 + Level 2.4 Dodging
 + Level 3.5 Stealth
 + Level 2.8 Spellcasting
 * Level 2.4 Conjurations
 + Level 1.9 Transmutations
 + Level 4.5 Earth Magic


You had 4 spell levels left.
You knew the following spells:

 Your Spells              Type           Power      Damage    Failure   Level
a - Sandblast             Erth           48%        2d12      1%          1
b - Passwall              Tmut/Erth      15%        N/A       4%          2
c - Stone Arrow           Conj/Erth      38%        3d9       9%          3

Your spell library contained the following spells:

 Spells                   Type           Power      Damage    Failure   Level
 Petrify                  Tmut/Erth      18%        N/A       30%         4
 Volatile Blastmotes      Fire/Tloc      6%         2d10      34%         3
 Fulminant Prism          Conj/Hex       4%         3d5       56%         4
 Iskenderun's Mystic Bla  Conj/Tloc      8%         2d4       56%         4
 Lee's Rapid Deconstruct  Erth           12%        3d8*      45%         5


Dungeon Overview and Level Annotations

Branches:
Dungeon (4/15)
 Temple: D:4-7

Altars:
Cheibriados
Makhleb
Ru
Wu Jian
Xom

Annotations:
D:4 Edmund, Robin


Innate Abilities, Weirdness & Mutations

You are immune to sickness and miasma.
Your stone body is resilient. (AC +4)
You are immune to poison.
You resist negative energy. (rN+)
You are resistant to electric shocks. (rElec)
You are resistant to unholy torment.
You are immune to petrification.
Your large and strong wings let you fly.
You possess an exceptional clarity of mind.


Message History

Aiming: Sandblast (safe; 1% risk of failure)
Press: ? - help, Shift-Dir - straight line, f/p - Edmund
Aim: Edmund, wielding a +1 flail of holy wrath and wearing a +0 scale mail (moderately wounded, 85% to hit)
The blast of sand hits Edmund but does no damage.
Edmund is moderately wounded.
The goblin shouts!
You hear a shout! x2
A goblin comes into view. It is wielding a +0 dagger.
Edmund hits you with a +1 flail of holy wrath!
Casting: Sandblast (safe; 1% risk of failure)
Confirm with . or Enter, or press ? or * to list all spells.
Aiming: Sandblast (safe; 1% risk of failure)
Press: ? - help, Shift-Dir - straight line, f/p - Edmund
Aim: Edmund, wielding a +1 flail of holy wrath and wearing a +0 scale mail (moderately wounded, 85% to hit)
The blast of sand hits Edmund.
Edmund is heavily wounded.
A goblin comes into view. It is wielding a +0 club.
Edmund barely misses you. Edmund misses you.
Casting: Sandblast (safe; 1% risk of failure)
Confirm with . or Enter, or press ? or * to list all spells.
Aiming: Sandblast (safe; 1% risk of failure)
Press: ? - help, Shift-Dir - straight line, f/p - Edmund
Aim: Edmund, wielding a +1 flail of holy wrath and wearing a +0 scale mail (heavily wounded, 85% to hit)
The blast of sand hits Edmund.
Edmund is heavily wounded.
Edmund hits you with a +1 flail of holy wrath.
* * * LOW HITPOINT WARNING * * *
The goblin barely misses you.
Casting: Sandblast (safe; 1% risk of failure)
Confirm with . or Enter, or press ? or * to list all spells.
Aiming: Sandblast (safe; 1% risk of failure)
Press: ? - help, Shift-Dir - straight line, f/p - Edmund
Aim: Edmund, wielding a +1 flail of holy wrath and wearing a +0 scale mail (heavily wounded, 85% to hit)
The blast of sand hits Edmund but does no damage.
Edmund is heavily wounded.
The goblin hits you but does no damage.
Robin of the Strong Arm comes into view.
They are wielding a +0 dagger.
Edmund hits you with a +1 flail of holy wrath.
* * * LOW HITPOINT WARNING * * *
Edmund hits you with a +1 flail of holy wrath!
You die...

#######.................######
#.............................
#.#####.###############.######
####.......# ######## #...
.....####..# #......# .##.#
.....<..#... ##......## #. ...
.?......#... #..g...g.....# ##.
......#.#...##.########.### .
##....'.#.#.##g@@gggg.g...
##....#.#.# #########.g ##
#.....#.#.# .......'.
#.....#.#.#### #.....#
'...#.#.#....# #.....# #
..#.#.#....# #.....# ###
#.#.#....###.....###.. #
#....÷...).......'.#.#.#
...####.####(#.......#.#.#.#...#


You could see Edmund, Robin and 6 goblins.

Vanquished Creatures
  A howler monkey (D:4)
  2 iguanas (D:4)
  3 gnolls (D:4)
  4 adders
  2 worms (D:3)
  3 orcs (D:4)
  9 ball pythons
  2 endoplasms
  A giant cockroach (D:1)
  7 goblins
  12 hobgoblins
  3 jackals (D:4)
  12 kobolds
  A quokka (D:4)
  6 bats
  7 frilled lizards
  6 rats
81 creatures vanquished.

Notes
Turn   | Place    | Note
-------+----------+-------------------------------------------
     0 | D:1      | booth the Gargoyle Earth Elementalist began the quest for
                  | the Orb.
     0 | D:1      | Reached XP level 1. HP: 10/10 MP: 3/3
     5 | D:1      | Noticed a death yak
    10 | D:1      | Noticed an elephant
   274 | D:1      | Reached skill level 1 in Transmutations
   274 | D:1      | Reached XP level 2. HP: 15/15 MP: 0/5
   715 | D:1      | Reached XP level 3. HP: 19/19 MP: 4/6
   802 | D:1      | Gained mutation: Your large and strong wings let you fly.
                  | [potion of mutation]
   802 | D:1      | Gained mutation: You possess an exceptional clarity of
                  | mind. [potion of mutation]
   940 | D:2      | Reached skill level 4 in Earth Magic
   951 | D:2      | Learned a level 2 spell: Passwall
   955 | D:2      | Learned a level 3 spell: Stone Arrow
  1041 | D:2      | Found a snail-covered altar of Cheibriados.
  1547 | D:3      | Found an ornate altar of the Wu Jian Council.
  1547 | D:3      | Found a snail-covered altar of Cheibriados.
  1555 | D:3      | Found a shimmering altar of Xom.
  1587 | D:3      | Found a sacrificial altar of Ru.
  1589 | D:3      | Found a faded altar of an unknown god.
  1761 | D:3      | Reached XP level 4. HP: 24/24 MP: 3/7
  1896 | D:3      | Found a burning altar of Makhleb.
  1896 | D:3      | Noticed a cacodemon
  1900 | D:3      | Noticed a hellwing
  1900 | D:3      | Noticed a smoke demon
  2172 | D:3      | Reached skill level 1 in Conjurations
  2363 | D:4      | Reached XP level 5. HP: 23/28 MP: 5/8
  2891 | D:4      | Reached XP level 6. HP: 27/32 MP: 5/10
  3024 | D:4      | Noticed Edmund
  3089 | D:4      | Noticed Robin
  3089 | D:4      | Slain by Edmund

Illustrated notes

Levels and vault maps discovered:
D:1:      sevenhm_arrival_forest_fort_small_2, layout_rooms,
          corexii_item_surrounded_by_moat
D:2:      layout_rooms, basic_altar
D:3:      layout_loops_ring, chequers_temple_overflow_minitemple,
          makhleb_altar_promises_db
D:4:      layout_basic, abandoned_shop, roderic_filled_cross,
          minmay_misc_feat_five, uniq_robin, uniq_edmund

Skill      XL: |  1  2  3  4  5 |
---------------+----------------+-----
Transmutations | 1 |  1.9
Earth Magic    | 4 |  4.5
Dodging        | 2 |  2.4
Conjurations   | 1 2 |  2.4
Stealth        | 3 |  3.5
Spellcasting   | |  2.8

Action                     |  1- 3 |  4- 6 || total
---------------------------+-------+-------++-------
  Melee: Unarmed           |     6 |       ||     6
         Dagger            |     2 |       ||     2
         Short sword       |     6 |    12 ||    18
  Throw: Dart              |       |     2 ||     2
   Cast: Sandblast         |    59 |    64 ||   123
         Stone Arrow       |       |     2 ||     2
    Use: Potion            |     3 |     1 ||     4
         Scroll            |     6 |     6 ||    12
 Armour: Robe              |     7 |     7 ||    14
  Dodge: Dodged            |    22 |    35 ||    57
